 Dungeon Crawl Stone Soup version 0.20-a0-269-g17f5411 (webtiles) character file.

198 Nvm9 the Skirmisher (level 5, 0/41 HPs)
             Began as a Demonspawn Fighter on Dec 9, 2016.
             Killed from afar by a white imp (5 damage)
             ... with a puff of frost
             ... summoned by Natasha
             ... on level 3 of the Dungeon.
             The game lasted 00:02:40 (2030 turns).

Nvm9 the Skirmisher (Demonspawn Fighter)            Turns: 2030, Time: 00:02:41

Health: 0/41       AC: 10    Str: 17    XL:     5   Next: 47%
Magic:  5/5        EV:  7    Int: 10    God:
Gold:   62         SH: 12    Dex: 12    Spells: 4/4 levels left

rFire  . . .     SeeInvis .     a - +0 war axe
rCold  . . .     Gourm    .     b - +0 scale mail
rNeg   . . .     Faith    .     c - +0 shield
rPois  .         Spirit   .     n - +0 helmet
rElec  .         Reflect  +     (no cloak)
rCorr  .         Harm     .     (no gloves)
MR     .....                    (no boots)
Stlth  ..........               e - +3 amulet of reflection
                                (no ring)
                                (no ring)

@: invisible
A: molten scales 1, powered by death 1
a: no special abilities


You were on level 3 of the Dungeon.
You were not hungry.

You visited 1 branch of the dungeon, and saw 3 of its levels.

You collected 62 gold pieces.

Inventory:

Hand Weapons
 a - a +0 war axe (weapon)
Armour
 b - a +0 scale mail (worn)
 c - a +0 shield (worn)
 n - a +0 helmet (worn)
Jewellery
 e - a +3 amulet of reflection (around neck)
 j - an uncursed ring of poison resistance {unknown}
Scrolls
 k - a scroll of magic mapping {unknown}
 l - a scroll of identify {unknown}
Potions
 d - a potion of might
 g - a potion of invisibility
 h - a potion of haste {unknown}
 m - 2 potions of heal wounds {unknown}
Books
 o - a book of Changes

   Spells                             Type                      Level
   a - Beastly Appendage              Transmutation                1
   b - Sticks to Snakes               Transmutation                2
   c - Spider Form                    Transmutation/Poison         3
   d - Ice Form                       Ice/Transmutation            4
   e - Blade Hands                    Transmutation                5
Comestibles
 f - 2 bread rations
 i - 2 meat rations


   Skills:
 + Level 3.6 Fighting
 + Level 3.4 Axes
 * Level 3.4 Armour
 + Level 1.0 Dodging
 + Level 3.5 Shields


You had 4 spell levels left.
You didn't know any spells.

Dungeon Overview and Level Annotations

Branches:
Dungeon (3/15)

Altars:

Annotations:
D:3 Natasha


Innate Abilities, Weirdness & Mutations

You are partially covered in molten scales. (AC +2)
You regenerate a little health from kills.


Message History

Unknown command.
You are too injured to fight recklessly!
Unknown command.
You hit Natasha.
Natasha is severely wounded.
You hit the white imp. You hit the shadow imp.
The white imp hits you but does no damage.
The shadow imp gestures at you. Pain shoots through your body!
* * * LOW HITPOINT WARNING * * *
You block Natasha's attack.
The white imp picks up a beetle and eats it.
The white imp hits you but does no damage.
It was a potion of invisibility.
You fade into invisibility!
The shadow imp hits you but does no damage.
Natasha barely misses you. The white imp gestures at you.
The puff of frost hits you!
You die...

#.# #[# ## #.# .. #
########.## ##.#.
#.........#
##....##.######..#
.................##
##...##5.###......#
## #@.#
#.###.####### #h5#
#.#.......<..
.......#.#.#######
##..#####.#.#######
#..# #.......††.
#..#####.>.##.####
#....>.....##.##
..######.........
#######..###.###


You could see Natasha, a white imp and a shadow imp.

Vanquished Creatures
  An orc priest (D:2)
  An orc wizard (D:3)
  Natasha (D:3)
  Robin (D:2)
  4 gnolls (D:2)
  An adder (D:2)
  A dart slug (D:2)
  3 leopard geckos
  3 orcs
  3 giant cockroaches
  10 goblins
  7 hobgoblins
  4 jackals (D:1)
  2 bats (D:1)
  2 frilled lizards
  2 kobolds (D:2)
  4 rats
50 creatures vanquished.

Vanquished Creatures (others)
  A goblin (D:2)
1 creature vanquished.

Grand Total: 51 creatures vanquished

Notes
Turn   | Place    | Note
-------+----------+-------------------------------------------
     0 | D:1      | Nvm9 the Demonspawn Fighter began the quest for the Orb.
     0 | D:1      | Reached XP level 1. HP: 18/18 MP: 1/1
    79 | D:1      | Gained mutation: You are partially covered in molten scales. (AC +2) [demonic ancestry]
    79 | D:1      | Reached XP level 2. HP: 16/24 MP: 2/2
   893 | D:2      | Reached XP level 3. HP: 29/29 MP: 3/3
   894 | D:2      | Noticed Robin
   899 | D:2      | Killed Robin
  1193 | D:2      | Gained mutation: You regenerate a little health from kills. [demonic ancestry]
  1193 | D:2      | Reached XP level 4. HP: 20/35 MP: 4/4
  1606 | D:2      | HP: 1/35 [orc priest/divine providence (17)]
  1831 | D:3      | Reached XP level 5. HP: 39/41 MP: 5/5
  1968 | D:3      | Noticed Natasha
  1981 | D:3      | Killed Natasha
  1981 | D:3      | Reached skill level 1 in Dodging
  2017 | D:3      | Noticed Natasha
  2030 | D:3      | Killed from afar by a white imp

Vault maps used:
D:1:      doesnt_arrival_eight_statues, minmay_liquid_box
D:2:      uniq_robin
D:3:      lemuel_tele_altar, uniq_natasha

Skill      XL: |  1  2  3  4  5 |
---------------+----------------+-----
Axes           | 2 3 |  3.4
Shields        | 3 |  3.5
Armour         | 3 |  3.4
Dodging        | 1 |  1.0
Fighting       | |  3.6

Action                   |  1- 3 |  4- 6 || total
-------------------------+-------+-------++-------
Melee: War axe           |   112 |    81 ||   193
  Use: Potion            |       |     2 ||     2
  Eat: Chunk             |     1 |     3 ||     4
Armor: Scale mail        |    57 |    34 ||    91
Dodge: Dodged            |    36 |    21 ||    57
Block: Shield            |    98 |    62 ||   160
       Reflection        |     8 |     2 ||    10
